 Dungeon Crawl Stone Soup version 0.23.0-28-g6fe0f4d (webtiles) character file.

Game seed: 7213977154066386592

103 JY454 the Chopper (level 4, -9/60 HPs)
             Began as a Hill Orc Fighter on Feb 25, 2019.
             Killed from afar by Sigmund (24 damage)
             ... with an exploding inner flame
             ... hexed by the player character
             ... on level 3 of the Dungeon.
             The game lasted 00:24:38 (2537 turns).

JY454 the Chopper (Hill Orc Fighter)                Turns: 2537, Time: 00:24:39

Health: -9/60      AC: 24    Str: 24    XL:     4   Next: 79%
Magic:  4/4        EV:  2    Int:  8    God:
Gold:   115        SH: 10    Dex: 15    Spells: 3/3 levels left

rFire    . . .     SeeInvis .   a - +0 war axe
rCold    . . .     Gourm    .   c - +0 shield
rNeg     + + +     Faith    .   (armour currently unavailable)
rPois    +         Spirit   .   (helmet currently unavailable)
rElec    .         Reflect  .   (cloak currently unavailable)
rCorr    .         Harm     .   (gloves currently unavailable)
MR       .....     NoTele   +   (boots currently unavailable)
Stlth    ++........             (no amulet)
HPRegen  0.20/turn              t - ring of flight
MPRegen  0.09/turn              G - +2 ring of protection

@: mighty, agile, tree-form
A: no striking features
a: no special abilities


You were on level 3 of the Dungeon.
You were hungry.
You were a tree.
You visited 1 branch of the dungeon, and saw 3 of its levels.

You collected 115 gold pieces.

Inventory:

Hand Weapons
 a - a +0 war axe (weapon)
 e - a +0 club
 h - a +0 whip
 m - a cursed -2 spear
 o - a +0 spear
 q - a +0 club
 s - a +0 club
 y - a +0 dagger
 B - a +0 whip
 C - a +0 club
 D - a +0 whip
 F - a +0 short sword
 J - a +0 flail
 K - a +0 club
 L - a +0 club
Missiles
 j - 91 arrows
 p - 3 tomahawks (quivered)
 w - 44 bolts
Armour
 b - a +0 scale mail (melded)
 c - a +0 shield (worn)
 g - a +0 chain mail
 i - a +0 chain mail
 k - a +0 leather armour
 v - a scarf of cloud immunity (melded)
 x - a +0 leather armour
 A - a +0 chain mail
Magical Staves
 l - an uncursed staff of summoning {unknown}
Jewellery
 t - a ring of flight (left branch)
 G - a +2 ring of protection (right branch)
Scrolls
 u - 5 scrolls of remove curse
 E - a scroll of identify
Comestibles
 f - 5 rations
 n - 3 chunks of flesh


   Skills:
 + Level 4.0 Fighting
 + Level 4.2 Axes
 + Level 4.0 Armour
 + Level 0.1 Dodging
 + Level 0.2 Stealth
 + Level 4.1 Shields


You had 3 spell levels left.
You didn't know any spells.
Your spell library was empty.

Dungeon Overview and Level Annotations

Branches:
Dungeon (3/15)

Altars:
Hepliaklqana
Qazlal


Message History

You cannot move.
You cannot move.
You cannot move.
You cannot move.
You closely miss something. Something hits you.
* * * LOW HITPOINT WARNING * * *
You closely miss something. You miss something. Something hits you.
* * * LOW HITPOINT WARNING * * *
You feel agile all of a sudden. Something hits you but does no damage.
Your shield prevents you from hitting something.
Something completely misses you.
You barely miss something. Something hits you but does no damage.
You slash something!
You hear some strange, mumbled words.
A puff of flame appears from out of thin air!
You block the puff of flame.
You hit something. The fiery explosion engulfs you!!
You die...

.##....g.........................
########..............###........
.. ##..###....#.....#........ .#
##..............#........ #
######.........#........ #
#.......................
###.###.................#
########.# #####.....#...##.....
#........# #..§♣§....#...##.....
#........# #...§....##..........
#.#.#....# #..§§#.........).....
#.#.#....# #....#............#..
....#....# +....................
.........####...##...............
................................#
................................#
....................##..........#


There were no monsters in sight!

Vanquished Creatures
  Robin (D:3)
  2 adders (D:2)
  An ooze (D:3)
  2 dart slugs (D:1)
  2 leopard geckos (D:2)
  2 orcs
  6 bats
  2 giant cockroaches
  10 goblins
  12 hobgoblins
  3 jackals (D:1)
  6 kobolds
  2 frilled lizards (D:2)
  6 rats
57 creatures vanquished.

Notes
Turn   | Place    | Note
-------+----------+-------------------------------------------
     0 | D:1      | JY454 the Hill Orc Fighter began the quest for the Orb.
     0 | D:1      | Reached XP level 1. HP: 19/19 MP: 1/1
   225 | D:1      | Reached XP level 2. HP: 24/27 MP: 2/2
   664 | D:1      | Reached XP level 3. HP: 32/33 MP: 3/3
  1102 | D:2      | Found a stormy altar of Qazlal.
  1465 | D:2      | Reached XP level 4. HP: 35/40 MP: 4/4
  1711 | D:2      | Found a hazy altar of Hepliaklqana.
  1833 | D:3      | Identified the cursed +0 helmet of the Locust {Str+9 Dex+5}
  1833 | D:3      | Noticed Robin
  2167 | D:3      | Killed Robin
  2202 | D:3      | Noticed Sigmund
  2537 | D:3      | Killed Sigmund
  2537 | D:3      | Killed from afar by Sigmund

Skill      XL: |  1  2  3  4 |
---------------+-------------+-----
Fighting       | 4 |  4.0
Axes           | 3 4 |  4.2
Shields        | 4 |  4.1
Armour         | 4 |  4.0
Dodging        | |  0.1
Stealth        | |  0.2

Action                   |  1- 3 |  4- 6 || total
-------------------------+-------+-------++-------
Melee: War axe           |   111 |    92 ||   203
Throw: Tomahawk          |     3 |       ||     3
  Use: Scroll            |     2 |     7 ||     9
       Potion            |     1 |     3 ||     4
  Eat: Chunk             |     2 |     3 ||     5
Armor: Scale mail        |    46 |    60 ||   106
       Skin              |       |     4 ||     4
Dodge: Dodged            |    37 |    27 ||    64
Block: Shield            |    62 |    56 ||   118
